[Event "USA-ch Women 2020"]
[Site "Saint Louis"]
[Date "2020.10.21"]
[Round "3.2"]
[White "Nguyen, Emily"]
[Black "Abrahamyan, Tatev"]
[Result "1-0"]
[ECO "D37"]
[WhiteElo "2280"]
[BlackElo "2358"]
[Annotator "RC"]
[PlyCount "131"]
[EventDate "2020.10.21"]
[EventType "tourn"]
[EventCountry "USA"]
[SourceTitle "playchess.com"]
[Source "ChessBase"]
[SourceQuality "1"]
[TimeControl "1500+5"]

1. d4 Nf6 2. Nf3 e6 3. c4 d5 4. Nc3 dxc4 5. e4 b5 6. e5 Nd5 7. Nxb5 Nb6 8. Be2 Bb7 9. Be3 Qd7 10. Nc3 Be7 11. O-O Nc6 12. a3 Na5 13. Qc2 O-O-O 14. Rad1 Kb8 15. Nd2 f5 16. exf6 gxf6 17. Nce4 Rhg8 18. Bf3 Bd5 19. Nc3 Bxf3 20. Nxf3 Nd5 21. Nxd5 Qxd5 22. Qe2 Bd6 23. g3 h5 24. Nh4 Rg4 25. Qf3 Rdg8 26. Qxd5 exd5 27. Nf5 Re4 28. Rfe1 Kc8 29. Bd2 Rxe1+ 30. Rxe1 Nb3 31. Bc3 Kd7 32. h4 Bf8 33. Kg2 a5 34. Kf3 Rg4 35. Ne3 Re4 36. Nxd5 Rxe1 37. Bxe1 Nxd4+ 38. Ke4 Nb5 39. Nxf6+ Ke6 40. Nxh5 c3 41. Nf4+ Kf7 42. Bxc3 Nxc3+ 43. bxc3 Bxa3 44. g4 Bb2 45. Kd3 Bc1 46. Nd5 c6 47. Ne3 a4 48. Kc2 Ba3 49. f4 Bd6 50. f5 Bg3 51. Ng2 Kf6 52. Kb2 Be5 53. Ka3 Bxc3 54. Kxa4 Bd4 55. Kb3 Ke5 56. Kc4 c5 57. h5 Kf6 58. Nf4 Bf2 59. Ne6 Be3 60. Kd5 Bf2 61. Ke4 c4 62. g5+ Kf7 63. h6 c3 64. Kd3 c2 65. Kxc2 Be3 66. h7 1-0

[Event "USA-ch Women 2020"]
[Site "Saint Louis"]
[Date "2020.10.22"]
[Round "6.1"]
[White "Cervantes Landeiro, Thalia"]
[Black "Krush, Irina"]
[Result "0-1"]
[ECO "A41"]
[WhiteElo "2311"]
[BlackElo "2429"]
[Annotator "ChessBase"]
[PlyCount "178"]
[EventDate "2020.10.21"]
[EventType "tourn"]
[EventCountry "USA"]
[SourceTitle "playchess.com"]
[Source "ChessBase"]
[SourceQuality "1"]
[TimeControl "1500+5"]

1. d4 d6 2. c4 e5 3. d5 Be7 4. Nc3 Bg5 5. e4 Bxc1 6. Qxc1 a5 7. Be2 Nf6 8. Nf3 Na6 9. O-O Bg4 10. Nd2 Bd7 11. Bd1 Nc5 12. Bc2 O-O 13. b3 c6 14. a3 Qb6 15. Rb1 cxd5 16. exd5 Na6 17. b4 axb4 18. axb4 Rfc8 19. Qb2 Qd4 20. Rbd1 Qh4 21. Bd3 Qd4 22. Be2 Qb6 23. Rb1 Bf5 24. Na4 Qd8 25. Rbc1 Nd7 26. Qb3 Nb6 27. Nb2 Nd7 28. Bd3 Bxd3 29. Nxd3 Qb6 30. Rb1 Qd4 31. Rfe1 Nf6 32. Rbd1 e4 33. Nb2 Re8 34. Nf1 Qb6 35. b5 Nc5 36. Qg3 Ra2 37. Rb1 Qa5 38. Qe3 g6 39. Qd4 Nfd7 40. Nd1 Qxe1 41. Nc3 Qxf2+ 42. Qxf2 Rxf2 43. Kxf2 Ra8 44. Ne3 f5 45. g3 Kf7 46. Nc2 Nb6 47. Ne3 Ra3 48. Ncd1 Ra2+ 49. Kg1 Kf6 50. Nc3 Ra3 51. Ncd1 Ke5 52. Kf2 Ra2+ 53. Kg1 Kd4 54. Rc1 Nd3 55. Rc3 Na4 56. Rb3 Ra1 57. Kg2 Ke5 58. h4 h6 59. Kh2 g5 60. hxg5 hxg5 61. Kg2 f4 62. gxf4+ gxf4 63. Ng4+ Kd4 64. Ndf2 Ra2 65. Kf1 Nac5 66. Rb1 e3 67. Nxd3 Nxd3 68. c5 e2+ 69. Kg1 Nxc5 70. Nf2 Rd2 71. Kg2 Kxd5 72. Kf3 Nd3 73. Nxd3 Rxd3+ 74. Kxe2 Re3+ 75. Kf2 Kc5 76. Rd1 d5 77. b6 d4 78. Rb1 d3 79. Rc1+ Kxb6 80. Rc4 Re2+ 81. Kf3 Rh2 82. Rxf4 d2 83. Rd4 Kc5 84. Rd8 b5 85. Ke3 Kb4 86. Rd5 Ka4 87. Rd4+ b4 88. Rxd2 Rxd2 89. Kxd2 Ka3 0-1

[Event "USA-ch Women 2020"]
[Site "Saint Louis"]
[Date "2020.10.24"]
[Round "10.1"]
[White "Cervantes Landeiro, Thalia"]
[Black "Derakhshani, Dorsa"]
[Result "1/2-1/2"]
[ECO "E17"]
[WhiteElo "2311"]
[BlackElo "2270"]
[Annotator "RC"]
[PlyCount "130"]
[EventDate "2020.10.21"]
[EventType "tourn"]
[EventCountry "USA"]
[SourceTitle "playchess.com"]
[Source "ChessBase"]
[SourceQuality "1"]
[TimeControl "1500+5"]

1. d4 Nf6 2. c4 e6 3. Nf3 b6 4. g3 Bb7 5. Bg2 Be7 6. O-O O-O 7. Re1 d5 8. Ne5 Nbd7 9. Nc3 Ne4 10. Bf4 Nxe5 11. Bxe5 Bf6 12. Bf4 Re8 13. Nb5 e5 14. dxe5 Bxe5 15. Bxe4 dxe4 16. Bxe5 Rxe5 17. Qxd8+ Rxd8 18. Rad1 Rf8 19. Rd4 Re7 20. Red1 a6 21. Nc3 f5 22. e3 Kf7 23. h4 g6 24. Ne2 h6 25. Kg2 g5 26. Rh1 Kg6 27. hxg5 hxg5 28. Rhd1 Bc6 29. Rd8 Ree8 30. R8d2 Re7 31. Nd4 Bb7 32. Nb3 f4 33. gxf4 gxf4 34. Rd7 f3+ 35. Kg3 Rff7 36. Rxe7 Rxe7 37. Nd4 Rh7 38. Rg1 Kg5 39. Ne6+ Kf5 40. Nd4+ Kg5 41. Rd1 Bc8 42. Nxf3+ exf3 43. Rd5+ Bf5 44. Kxf3 Kf6 45. e4 Be6 46. Rd4 Rd7 47. Ke3 c5 48. Rxd7 Bxd7 49. f4 Be6 50. b3 b5 51. cxb5 axb5 52. f5 Bf7 53. Kf4 Bh5 54. e5+ Ke7 55. Ke4 Be2 56. Kd5 c4 57. bxc4 Bxc4+ 58. Kc5 Bxa2 59. Kxb5 Bb1 60. f6+ Ke6 61. Kc5 Bg6 62. Kd4 Bh7 63. Kc5 Bg6 64. Kd4 Bh7 65. Kc5 Bg6 1/2-1/2